 Dungeon Crawl Stone Soup version 0.28.0-43-g3370ac3207 (webtiles) character file.

Game seed: 4186503011968543356

41 Slyrak the Skirmisher (level 3, -7/33 HPs)
             Began as a Minotaur Berserker on Mar 4, 2022.
             Was a Believer of Trog.
             Killed by nerve-wracking pain
             ... invoked by Grinder
              (12 damage)
             ... on level 3 of the Dungeon.
             The game lasted 00:15:32 (2517 turns).

Slyrak the Skirmisher (Minotaur Berserker)          Turns: 2517, Time: 00:15:32

Health: -7/33      AC:  7    Str: 23    XL:     3   Next: 32%
Magic:  0/2        EV: 11    Int:  4    God:    Trog [**....]
Gold:   79         SH:  0    Dex:  9    Spells: 2/2 levels left

rFire   . . .      SeeInvis .   a - +1 spear
rCold   . . .      Faith    .   (no shield)
rNeg    . . .      Spirit   +   d - +0 ring mail
rPois   .          Reflect  .   (helmet restricted)
rElec   .          Harm     .   i - +0 cloak
rCorr   .          Rampage  .   l - +0 pair of gloves
Will    .....                   (no boots)
Stlth   ..........              c - amulet of guardian spirit
HPRegen 0.11/turn               (no ring)
MPRegen 0.08/turn               (no ring)

@: no status effects
A: horns 2, retaliatory headbutt
a: Renounce Religion, Berserk, Trog's Hand


You were on level 3 of the Dungeon.
You worshipped Trog.
Trog was pleased with you.
You visited 1 branch of the dungeon, and saw 3 of its levels.

You collected 79 gold pieces.

Inventory:

Hand Weapons
 a - a +1 spear (weapon)
 e - a +0 club
 g - a +0 club
 h - a +0 hand axe
 n - a +0 trident
 o - a +2 shortbow of freezing
Missiles
 j - 64 stones (quivered)
Armour
 b - a +0 animal skin
 d - a +0 ring mail (worn)
 f - a +0 leather armour
 i - a +0 cloak (worn)
 k - an orb of mayhem
 l - a +0 pair of gloves (worn)
 m - a +0 helmet
Jewellery
 c - an amulet of guardian spirit (around neck)


   Skills:
 + Level 4.2 Fighting
 + Level 4.2 Polearms
 + Level 3.0 Armour
 + Level 2.7 Dodging


You had 2 spell levels left.
You didn't know any spells.
Your spell library contained the following spells:

 Spells                   Type           Power      Damage    Failure   Level
 Shock                    Conj/Air       0%         1d3       65%         1
 Gell's Gravitas          Tloc           0%         N/A       95%         3
 Swiftness                Air            0%         N/A       95%         3
 Teleport Other           Tloc           0%         N/A       95%         3
 Airstrike                Air            0%         N/A       100%        4
 Dispersal                Tloc           0%         N/A       100%        6


Dungeon Overview and Level Annotations

Branches:
Dungeon (3/15)

Altars:

Annotations:
D:3 Grinder


Innate Abilities, Weirdness & Mutations

You have a pair of horns on your head.
You reflexively headbutt those who attack you in melee.


Message History

The goblin shouts!
Found a stone staircase leading down.
You puncture the goblin!
You kill the goblin!
Trog accepts your kill.
Grinder comes into view.
Grinder shouts!
You hit Grinder.
Grinder is lightly wounded.
Grinder misses you.
You closely miss Grinder.
Grinder is lightly wounded.
Grinder barely misses you.
You barely miss Grinder. Your headbutt misses Grinder.
Grinder is lightly wounded.
Grinder barely misses you.
You hit Grinder.
Grinder is lightly wounded.
You hear the slow rusting of a very distant drain.
Grinder hits you.
You hit Grinder.
Grinder is moderately wounded.
Grinder hits you.
You writhe in agony.
You hit Grinder. You headbutt Grinder, but do no damage.
Grinder is moderately wounded.
Grinder blinks!
You closely miss Grinder. You headbutt Grinder. Your punch misses Grinder.
Grinder is moderately wounded.
Grinder hits you.
You writhe in agony.
You closely miss Grinder.
Grinder is moderately wounded.
You hit Grinder but do no damage.
Grinder is moderately wounded.
Grinder hits you!
* * * LOW HITPOINT WARNING * * *
You writhe in agony.
* * * LOW HITPOINT WARNING * * *
Grinder gestures at you. Pain shoots through your body!
You die...

####### .......
....... .......
########.......
#.....@.5......
##.#####.......
#.# ....... #.#
####### #.# ...
#.# #.# #.# #.#
#.# #.# #.# #.#


You could see Grinder.

Vanquished Creatures
  A dart slug (D:1)
  5 bats
  2 endoplasms
  2 giant cockroaches (D:2)
  7 goblins
  2 hobgoblins (D:1)
  5 jackals
  4 ball pythons
  3 kobolds
  2 rats
33 creatures vanquished.

Vanquished Creatures (others)
  3 plants (D:1)
3 creatures vanquished.

Grand Total: 36 creatures vanquished

Notes
Turn   | Place    | Note
-------+----------+-------------------------------------------
     0 | D:1      | Slyrak the Minotaur Berserker began the quest for the Orb.
     0 | D:1      | Reached XP level 1. HP: 19/19 MP: 0/0
  1184 | D:1      | Reached XP level 2. HP: 27/27 MP: 1/1
  1849 | D:2      | Reached XP level 3. HP: 33/33 MP: 2/2
  1916 | D:2      | Found a faded altar of an unknown god.
  2447 | D:3      | Reached ** piety under Trog
  2502 | D:3      | Noticed Grinder
  2517 | D:3      | Killed from afar by Grinder

Illustrated notes

Levels and vault maps discovered:
D:1:      dpeg_arrival_another_circle, layout_basic, serial_forest,
          infiniplex_forest_lined_corner, infiniplex_forest_clump_double,
          infiniplex_forest_clump_tiny, infiniplex_forest_corner_1,
          infiniplex_forest_lined_ring, infiniplex_forest_lined_2,
          minmay_misc_feat_room
D:2:      layout_basic, basic_ecumenical_altar
D:3:      layout_basic, grunt_temple_overflow_open,
          gammafunk_ghost_abyssal_escape, portal_sewer_entry_d, uniq_grinder

Skill      XL: |  1  2  3 |
---------------+----------+-----
Fighting       | 4 |  4.2
Polearms       | 4 |  4.2
Armour         | 3 |  3.0
Dodging        | |  2.7

Action                   || total
-------------------------++-------
Melee: Spear             ||    94
       Headbutt          ||    13
  Use: Scroll            ||     3
       Potion            ||     1
Armor: Ring mail         ||    29
Dodge: Dodged            ||    54
